Cogmind - Beta 16.1 @@@ ROGUE MODE // 2026.03.13 @ 21:25:32 Player: TheSkyeDoctor Result: Destroyed by IB-UOA(E) with Heavy Battle Rifle Performance ------------- Evolutions (0) 0 Regions Visited (3) 600 Robots Destroyed (8) 40 Value Destroyed (46) 46 Prototype IDs (6) 120 Alien Tech Used (0) 0 Bonus (300) 300 TOTAL SCORE: 1106 Bonus ------- Registered with UFD 300 Cogmind --------- Core Integrity 0/250 Matter 300/300 Energy 99/100 System Corruption 0% Temperature Cool (0) Movement Core (50) Location -9/Scraptown Parts ------- > --- POWER (1) -------- (None) > --- PROPULSION (2) --- (None) > --- UTILITY (2) ------ (None) > --- WEAPON (2) ------- Makeshift Hammer > --- INVENTORY (5) ---- Scrap Suit Scrap Suit Structural Scanner Peak State ------------ > --- POWER ------------ Light Ion Engine > --- PROPULSION ------- Wheel Wheel > --- UTILITY ---------- Humpback > --- WEAPON ----------- Light Assault Rifle Makeshift Hammer > --- INVENTORY -------- Ion Engine Light Treads Light Treads Scrap Suit Structural Scanner Improved Terrain Scanner Improved Terrain Scan Processor 0b10 Decoder Chip [Generic] Targeting Computer Targeting Computer Targeting Computer Improved Targeting Computer Improved Target Analyzer Light Armor Plating Subdweller Laser Light EM Pulse Cannon Improved Light Cannon [Rating: 14] Favorites ----------- Power Light Ion Engine Engine Light Ion Engine Propulsion Light Treads Treads Light Treads Wheel Wheel Utility Small Storage Unit Device Structural Scanner Storage Small Storage Unit Weapon Light Assault Rifle Energy Gun Medium Laser Ballistic Gun Light Assault Rifle Special Weapon Mining Laser Impact Weapon Makeshift Hammer Build | -11 -10 -10 -9 ------- Run | Yrd Mat Sub Scr Slots Evolved . | . . . . Power . | . . . . Propulsion . | . . . . Utility . | . . . . Weapon . | . . . . Parts Attached 13 | 7 1 1 4 Power 1 | 1 . . . Engine 1 | 1 . . . Core . | . . . . Reactor . | . . . . Propulsion 4 | 2 . . 2 Treads 2 | 2 . . . Leg . | . . . . Wheel 2 | . . . 2 Hover . | . . . . Flight . | . . . . Utility 4 | 2 1 . 1 Device 2 | 1 1 . . Storage 2 | 1 . . 1 Processor . | . . . . Hackware . | . . . . Protection . | . . . . Artifact . | . . . . Weapon 4 | 2 . 1 1 Energy Gun 1 | 1 . . . Energy Cannon . | . . . . Ballistic Gun 1 | 1 . . . Ballistic Cannon . | . . . . Launcher . | . . . . Special Weapon 1 | . . 1 . Impact Weapon 1 | . . . 1 Slashing Weapon . | . . . . Piercing Weapon . | . . . . Special Melee Weapon . | . . . . Unidentified Prototypes . | . . . . Parts Lost 6 | . 1 . 5 Power 1 | . . . 1 Propulsion 2 | . . . 2 Utility 2 | . 1 . 1 Weapon 1 | . . . 1 Highest Loss Streak 3 | . 1 . 3 To Critical Strikes . | . . . . Average Backups 9 | 2 5 5 10 Power . | . 1 1 1 Propulsion 1 | 1 2 2 1 Utility 4 | . 1 1 6 Weapon 1 | . 1 1 2 Tool/Special . | . . . . Unused Backups 16 | . . . 16 Power 1 | . . . 1 Propulsion 1 | . . . 1 Utility 11 | . . . 11 Weapon 3 | . . . 3 Tool/Special . | . . . . Average Slot Usage (%) 93 | . 94 100 92 Engine 13 | . 14 14 13 Treads 18 | . 28 28 16 Wheel 8 | . . . 10 Device 8 | . 8 14 7 Storage 13 | . 14 14 13 Energy Gun 2 | . 14 12 . Ballistic Gun 14 | . 14 14 14 Impact Weapon 10 | . . . 14 Peak Build Rating 14 | 7 7 8 14 Average Rating 10 | 5 6 7 11 On Entrance 5 | . 7 7 8 Avg Prop Armor Cover (%) 11 | . . . 11 Naked Turns . | . . . . Heaviest Build 207 | 12 12 12 207 Greatest Support 40 | 40 40 40 40 Greatest Overweight (x) 20 | . . . 20 Average Overweight (x) 2 | . . . 3 Largest Inventory Capacity 35 | 8 8 8 35 Average Capacity 16 | 7 8 8 19 Most Carried 20 | 5 5 7 20 Average Carried 9 | 2 5 5 11 Final Capacity 8 | 8 8 8 5 Final Carried 7 | 5 5 7 5 Class Distribution -------------------- 69% | Mutant 30% | Hauler-Mutant Dominant Class ---------------- Mutant | -10/Materials Mutant | -10/Subcaves Mutant | -9/Scraptown Resources | -11 -10 -10 -9 ----------- Run | Yrd Mat Sub Scr Matter Collected 354 | 289 10 2 53 Remotely . | . . . . Salvage Created 183 | 167 . 16 . Parts 16 | 13 . 3 . Haulers Intercepted . | . . . . Recyclers Shooed . | . . . . Parts Field Recycled . | . . . . Retrieved Matter . | . . . . Parts Self-Destructed 16 | . . 16 . Prevented . | . . . . Parts Restored . | . . . . Kills | -11 -10 -10 -9 ------- Run | Yrd Mat Sub Scr Combat Hostiles Destroyed 1 | . . 1 . Guns 1 | . . 1 . Classes Destroyed 4 | 3 . 1 . Worker 2 | 2 . . . Tunneler 4 | 4 . . . Recycler 1 | 1 . . . Swarmer 1 | . . 1 . Best Kill Streak 3 | 3 . 1 . Combat Bots Only 1 | . . 1 . Max Kills in Single Turn 1 | 1 . 1 . Gunslinging . | . . . . Exploded . | . . . . Melee . | . . . . Uniques/NPCs Destroyed . | . . . . Combat | -11 -10 -10 -9 -------- Run | Yrd Mat Sub Scr Hostile Shots Fired 135 | . . 23 112 Missed 46 | . . 9 37 Hits 89 | . . 14 75 Projectile 89 | . . 14 75 Critical Strikes 2 | . . . 2 Damage Taken 1124 | . 153 93 878 Core 256 | . 51 6 199 Absorbed by Shields . | . . . . Core Remaining (%) 100 | 100 . . . Volleys Fired 24 | 19 . 5 . Largest 2 | 2 . 2 . Hottest 120 | 70 . 120 . Shots Fired 46 | 36 . 10 . Gun 45 | 36 . 9 . Cannon . | . . . . Launcher . | . . . . Special 1 | . . 1 . Kinetic 24 | 19 . 5 . Thermal 22 | 17 . 5 . Explosive . | . . . . Electromagnetic . | . . . . Robot Hit Streak 9 | 9 . 1 . Robot Miss Streak 2 | 2 . 2 . Penetration Max . | . . . . Secondary Targets . | . . . . Shots Hit Robots 25 | 24 . 1 . Core Hits 10 | 9 . 1 . Critical Kills . | . . . . Critical Parts Destroyed . | . . . . Critical Strikes . | . . . . Melee Attacks 1 | . . . 1 Impact 1 | . . . 1 Slashing . | . . . . Piercing . | . . . . Sneak Attacks . | . . . . Combat Hostiles . | . . . . Follow-up Attacks . | . . . . Damage Inflicted 248 | 236 . 12 . Guns 248 | 236 . 12 . Cannons . | . . . . Explosions . | . . . . Melee . | . . . . Ramming . | . . . . Kinetic 62 | 62 . . . Thermal 186 | 174 . 12 . Explosive . | . . . . Electromagnetic . | . . . . Impact . | . . . . Slashing . | . . . . Piercing . | . . . . Highest Corruption . | . . . . Average Corruption . | . . . . Corruption Purged . | . . . . Corruption Blocked . | . . . . Overload Shots . | . . . . Overflow Damage . | . . . . Projectiles . | . . . . Explosions . | . . . . Melee . | . . . . Knockbacks . | . . . . Impact . | . . . . Kinetic . | . . . . Secondary . | . . . . Self-Inflicted Damage . | . . . . Shots . | . . . . Rammed . | . . . . Targets Rammed . | . . . . Kicked . | . . . . Crushed . | . . . . Highest Temperature 170 | 170 . . . Average Temperature 67 | 67 . . . Received Heat Transfer 402 | . . 66 336 Siege Activations . | . . . . Martial Activations . | . . . . Shielding Activations . | . . . . Robots Disrupted . | . . . . Combat Hostiles . | . . . . Robots Corrupted . | . . . . Combat Hostiles . | . . . . Parts Fried . | . . . . Impact Corruptions . | . . . . Robots Melted . | . . . . Combat Hostiles . | . . . . Parts Melted 2 | 2 . . . Heat Transferred 555 | 518 . 37 . Parts Sabotaged . | . . . . Parts Stolen . | . . . . Parts Stripped . | . . . . Power Chain Reactions . | . . . . Alert | -11 -10 -10 -9 ------- Run | Yrd Mat Sub Scr Maximum Alert Level . | . . . . Low Security (%) 100 | 100 100 . . Level 1 . | . . . . Level 2 . | . . . . Level 3 . | . . . . Level 4 . | . . . . Level 5 . | . . . . High Security . | . . . . Max Security . | . . . . Peak Influence 10 | 10 3 . . Initial 3 | . 3 . . Average 1 | 2 . . . Influence Increases 85 | 35 . 50 . Destroy 0b10 Robot/C 20 | . . 20 . Destroy 0b10 Robot/NC 35 | 35 . . . Lose Combat Pursuer 30 | . . 30 . Influence Decreases 85 | 30 5 50 . Entered New Map 2 | . 2 . . Time Decay 83 | 30 3 50 . Squads Dispatched . | . . . . Investigation . | . . . . Extermination . | . . . . Reinforcement . | . . . . Assault . | . . . . Garrison . | . . . . Intercept . | . . . . Searches Triggered . | . . . . Construction Impeded . | . . . . Haulers Reinforced . | . . . . Active Scanning Responses . | . . . . Cargo Convoy Interrupts . | . . . . Stealth | -11 -10 -10 -9 --------- Run | Yrd Mat Sub Scr Distress Signals 1 | . 1 . . Communications Jammed . | . . . . Distress Signals . | . . . . Times Spotted 15 | . 5 6 4 Peak Tracking Total 10 | . 4 4 10 Tactical Retreats 1 | . . 1 . Traps | -11 -10 -10 -9 ------- Run | Yrd Mat Sub Scr Traps Triggered . | . . . . Indirectly . | . . . . Trap Hack Attempts . | . . . . Triggered . | . . . . Disarmed . | . . . . Reprogrammed . | . . . . Reused . | . . . . Traps Extracted . | . . . . Installed . | . . . . Triggered . | . . . . Machines | -11 -10 -10 -9 ---------- Run | Yrd Mat Sub Scr Machines Disabled 1 | . . . 1 Max in Single Turn 1 | . . . 1 Machines Repaired . | . . . . Machines Dismantled . | . . . . Machines Sabotaged . | . . . . Overloaded Fab Kills . | . . . . Hacking | -11 -10 -10 -9 --------- Run | Yrd Mat Sub Scr Machines Accessed 3 | . 2 . 1 Terminals 2 | . 2 . . Fabricators . | . . . . Repair Stations . | . . . . Recycling Units . | . . . . Scanalyzers . | . . . . Garrison Access . | . . . . Total Hacks 7 | . 4 . 3 Successful 3 | . . . 3 Failed 4 | . 4 . . Catastrophic . | . . . . Database Lockouts . | . . . . Manual 4 | . 4 . . Terminals 4 | . 4 . . Fabricators . | . . . . Repair Stations . | . . . . Recycling Units . | . . . . Scanalyzers . | . . . . Garrison Access . | . . . . Terminal Hacks 3 | . . . 3 Record 3 | . . . 3 Fabricator Hacks . | . . . . Repair Station Hacks . | . . . . Recycling Unit Hacks . | . . . . Scanalyzer . | . . . . Garrison Access Hacks . | . . . . Unauthorized Hacks . | . . . . Terminals . | . . . . Fabricators . | . . . . Repair Stations . | . . . . Recycling Units . | . . . . Scanalyzers . | . . . . Garrison Access . | . . . . Data Cores Recovered 1 | . 1 . . Used . | . . . . Hacking Detections 2 | . 2 . . Full Trace Events . | . . . . Feedback Events . | . . . . Feedback Blocked . | . . . . Robot Schematics Acquired . | . . . . Robots Built . | . . . . Authchips . | . . . . Time . | . . . . Total Robot Build Rating . | . . . . Part Schematics Acquired . | . . . . Parts Built . | . . . . Authchips . | . . . . Time . | . . . . Total Part Build Rating . | . . . . Part Studies Acquired . | . . . . Parts Repaired . | . . . . Time . | . . . . Parts Recycled . | . . . . Recycled Matter . | . . . . Retrieved Matter . | . . . . Retrieved Components . | . . . . Parts Scanalyzed . | . . . . Part Schematics Acquired . | . . . . Parts Damaged . | . . . . Bothacking | -11 -10 -10 -9 ------------ Run | Yrd Mat Sub Scr Used RIF Installer . | . . . . Robots Hacked . | . . . . Non-combat . | . . . . Combat . | . . . . Robot Hacks Applied . | . . . . Relay Couplers Released . | . . . . Fabnet Peak Effective % . | . . . . Robots Rewired . | . . . . Allies Hacked . | . . . . Hacks Repelled . | . . . . Allies | -11 -10 -10 -9 -------- Run | Yrd Mat Sub Scr Total Allies . | . . . . Largest Group . | . . . . Highest-Rated Group . | . . . . Highest-Rated Ally . | . . . . Total Orders . | . . . . Ally Attacks . | . . . . Total Damage . | . . . . Kills . | . . . . Allies Corrupted . | . . . . Allies Melted . | . . . . Intel | -11 -10 -10 -9 ------- Run | Yrd Mat Sub Scr Active Infowar (turns) 1372 | 11 57 361 943 Structural 1313 | . 9 361 943 Seismic 59 | 11 48 . . Robot Analysis Total . | . . . . Derelict Logs Recovered 1 | . . . 1 Drone Launches . | . . . . Drone Recoveries . | . . . . Exploration | -11 -10 -10 -9 ------------- Run | Yrd Mat Sub Scr Turns Passed 2367 | 217 91 361 1698 Spaces Moved 1264 | 97 55 214 898 Core 8 | 3 . . 5 Treads 972 | 94 55 214 609 Legs . | . . . . Wheels 284 | . . . 284 Hover . | . . . . Flight . | . . . . Fastest Speed 50 | 50 160 160 50 Average Speed 178 | 156 160 160 186 Slowest Speed 380 | 160 160 160 380 Overloaded Moves . | . . . . Propulsion Burnouts . | . . . . Robots Hopped . | . . . . Potential Cave-ins . | . . . . Cave-ins Triggered . | . . . . Exploration Rate (%) 26 | 4 14 15 72 Regions Visited 3 Branch Regions 2 Pre-discovered Areas . | . . . . Known Exits Taken . | . . . . Unknown Exits Taken 3 | 1 1 1 . Scrap Searched 4 | . . . 4 Spaces Dug . | . . . . Terrain Destroyed . | . . . . Melee . | . . . . Projectile . | . . . . AOE . | . . . . Terrain Rammed . | . . . . Walls Destroyed . | . . . . Machines Disabled . | . . . . Actions | -11 -10 -10 -9 --------- Run | Yrd Mat Sub Scr Total 1331 | 127 58 221 925 Wait 3 | . 3 . . Move 1261 | 96 54 213 898 Hop . | . . . . Pick Up 23 | 5 . 2 16 Fast Attach 10 | 7 1 . 2 Attach . | . . . . Detach 1 | . . . 1 Swap 3 | . . 1 2 Drop 5 | . . . 5 Fire 24 | 19 . 5 . Melee 1 | . . . 1 Ram . | . . . . Kick . | . . . . Crush . | . . . . Escape Stasis . | . . . . Rewire . | . . . . Trap . | . . . . Miscellaneous . | . . . . Route ------- -11/Scrapyard -10/Materials -10/Subcaves (discovered 3 exits: [*Rec] / *Scr x2) -9/Scraptown History --------- Turn | Location | Event 11 | -11/Scrapyard | Discovered new exit (range 16) 218 | -11/Scrapyard | Entered Materials 219 | -10/Materials | Met a group of wandering Federalists 279 | -10/Materials | Discovered new exit (range 10) 297 | -10/Materials | Lost 3 allies 309 | -10/Materials | Entered Subcaves 310 | -10/Subcaves | Continued accompanying wandering Federalists (3) 310 | -10/Subcaves | Approached by a straggling Scientist 321 | -10/Subcaves | Build established: Mutant 512 | -10/Subcaves | Lost 3 allies 593 | -10/Subcaves | Discovered new exit (range 15) 617 | -10/Subcaves | Scientist uncovered a shortcut to Scraptown 621 | -10/Subcaves | Shifting Twisted Machinery released Mak. Hammer 670 | -10/Subcaves | Entered Scraptown 879 | -9/Scraptown | Visited The Evicted 902 | -9/Scraptown | Heard Great Nut preacher, LISTEN AND RECITE! 948 | -9/Scraptown | Visited Cyclists 1050 | -9/Scraptown | Scanned Subdweller tech in exchange for log data 1055 | -9/Scraptown | Learned Factory emergency access door positions 1466 | -9/Scraptown | Visited UFD Registry 1466 | -9/Scraptown | Registered with UFD as "Nutwalker" 1529 | -9/Scraptown | Visited Curators Association 1591 | -9/Scraptown | Visited DA-N13 Charitable Foundation 1599 | -9/Scraptown | Found DCF Scrap (28 items) 1782 | -9/Scraptown | Visited Sword Containment 1835 | -9/Scraptown | Visited Abandonware Association 1883 | -9/Scraptown | Learned abandonware demo "POISON.EXE" 1940 | -9/Scraptown | Build established: Hauler-Mutant 1941 | -9/Scraptown | Visited Infowarlord's Domain 1999 | -9/Scraptown | Visited Supply Room 2053 | -9/Scraptown | Visited Research Penetration Think Tank 2127 | -9/Scraptown | Visited Scrap Suit Storage 2138 | -9/Scraptown | Found Scrap Suit 2142 | -9/Scraptown | Found Scrap Suit 2193 | -9/Scraptown | Visited Chapter 10 2239 | -9/Scraptown | Attacked by Scraptown defenders 2363 | -9/Scraptown | Core integrity fell below 50% 2368 | -9/Scraptown | Core integrity fell below 20% 2368 | -9/Scraptown | Destroyed by IB-UOA(E) with Heavy Battle Rifle Last Messages --------------- We are one! 02127_ LOCAL NARROWCAST: Scrap Suit Storage. 02138_ Acquired Scrap Suit. 02193_ LOCAL NARROWCAST: Chapter 10. If you can't beat 'em, join 'em to beat 'em. 02237_ LOCAL NARROWCAST: Closed for remodeling. 02239_ Machine disabled. 02239_ ANNOUNCEMENT: Intruder alert! Defend Scraptown! 02272_ Wheel destroyed. 02326_ Lgt. Ion Engine destroyed. 02335_ ANNOUNCEMENT: Triborg tracking relay activated. Stay clear or you only have yourself to blame! 02361_ Lgt. Assault Rifle destroyed. 02362_ Machine disabled. 02364_ IB-UOA(E): "We are one!" 02365_ Machine disabled. 02365_ Humpback destroyed. 02365_ Wheel destroyed. Map ----- +----------------------------------------------------+ | ????????????????????? ??????????????????????????? | | ????????????????????? ??????????????????????????? | | ????????????????????? ###########???????????????? | | ????????????????????# #"""""""""#???????????????? | | ########## ?????????# # " " " #???????????????? | | ########## ?????????# # #???????????????? | | #*=*## # ?????????# # "# #" #???????????????? | | # ##=!|##?##"#????# # "#X#" #???????????????? | | #*%/*[ % ####X ####?# # "###" #???????????????? | | #![[/ = ## #?# # """"" #???????????????? | | #/=*=* ! ## #?# # #???????????????? | | # = * ## #?# # #???????????????? | | ### ########### ###?# ## ########???????????????? | | ### ########### ##### ## ##?????????????????????? | | """ """"""""""" """"" "" "#?????????????????????? | | "#?????????????????????? | | "#?????????????????????? | | "###########???????????? | | "## #???????????? | | #???????????? | | """""""""""""""""""""EEE "## #???????????? | | """"""""""""""""""""" "## #???????????? | | # ################"" "## #???????????? | | #######???#"" "###########???????????? | | ?????????????#"" "## " ""#?????????????? | | " ""?????????????#"" @"## " "#?????????????? | | ????????????###"" "## ===#?????????????? | | ? ????????###### #"" ## ]""#?????????????? | | ????????? ""#?????????????? | | ????????? !!"## ]]"#?????????????? | | ???????????###### #"" =!!!## ""==#?????????????? | | ? ?????????????###"" ![]"## ""==#?????????????? | | " "??????????????#"" ]*! #########?????????????? | | ??????????????#"" !!="#?????????????????????? | | ??????????????#"" "#?????????????????????? | | # ################"" g "##########????????????? | | """"""""""""""""""""" "##"""""""#????????????? | | """"""""""""""""""""" """"""#????????????? | | "## ""#????????????? | | "## ""#????????????? | | "## ""#????????????? | | ## "#????????????? | | # ""#????????????? | | """"" """"""""""" """""" ## " """"#????????????? | | ##### ########### ###### ##########????????????? | | # #??# # #?????????????????????? | | ### "#??## ## #?????????????????????? | | ?# ""#??#" "# #?????????????????????? | | ?# """"#??#" !"# #?????????????????????? | | ?# " ""#??#"! !"# #?????????????????????? | +----------------------------------------------------+ Best States ------------- Heat Dissipation 25 Energy Generation 10 Energy Capacity 125 Matter Stores 300 Matter Capacity 300 Sight Range 16 Terrain Scan Density 10 Evasion (%) 40 Recoil Reduction 2 Item Schematics ----------------- None Robot Schematics ------------------ None Fabricated ------------ Nothing Repaired ---------- Nothing Studied --------- None Alien Tech Used ----------------- None Achievements -------------- None Challenges ------------ None Game ------ Seed CompositeMultinovaThrower Manual? 0 Play Time 00:13:02 Cumulative 63.9 hours Start 2026.03.13 @ 21:13:21 End 2026.03.13 @ 21:25:32 Sessions 1 Manual Loads 0 Difficulty Rogue Special Mode None Game No. 148 Rogue 148 Adventurer 0 Explorer 0 Win Type - Total 0 Types 0/0/0/0/0/0/0/0/0/0 Lore% 38 Gallery% 42 Achievement% 34 Wizard Run 0 Options --------- Layout 2 ASCII 0 Keyboard 1 Movement Arrows Keybinds 0 Fullscreen 1 Font 24/Smallcaps Map View 50x44 Zoom Use 0% Tactical HUD 1 Map Filters NONE Filters NONE Steam 1 RUN: 96a3739f-b4e8-4405-b3bc-ead7dd9fc8bc